Workbook
Name expenses: #REF!
Name GOI: #REF!
Name NOIACTUAL: #REF!
Name NOIPROFORMA: #REF!
Name otherincome: #REF!
Name price: '5year+sale'!$E$39
Name totalsf: 'Financial Model'!$K$21
Name TotalUnits: 'Financial Model'!$B$21
Name Turnover_Time_Days: '[1]Main Assump'!#REF!
Name Turnover_Time_Year_One: [1]Year1!#REF!

Sheet Application
D2: Ventana Fund Thresholds Construction Loan
D3: Application Form
D4: Date: ____________________________________________
C6: GENERAL INFORMATION
B7: Applicant Info | C7: Address:
C8: City:
C9: Zip Code:
C10: # of units
C11: Approx year of construction:
C12: NM entity name that is applying:
C13: Review our NM Business Requirements here.
C14: Borrower
C15: Contact Name:
C16: Contact Email:
C17: Contact Phone:
C18: Mailing Address:
C19: Second Borrower
... C23: Mailing Address:
B25: Property Management Info | C25: Company Name:
C26: Address:
C27: City:
C28: Zip Code:
C29: Contact Name:
C30: Contact Email:
C31: Contact Phone:
B33: Sources & Uses
C34: Acquistion | E34: $/unit | F34: %
C35: Acquisition Price (or est. value): | E35: =+D35/TotalUnits -> #DIV/0! | F35: =+D35/$D$39 -> #DIV/0!
C36: Sources
C37: Your equity : | D37: =0.25*D35 -> 0 | E37: =+D37/TotalUnits -> #DIV/0! | F37: =+D37/$D$39 -> #DIV/0!
C38: Amount requested form Ventana | D38: =0.75*D35 -> 0 | E38: =+D38/TotalUnits -> #DIV/0! | F38: =+D38/$D$39 -> #DIV/0!
C39: Total = | D39: =SUM(D37:D38) -> 0 | F39: =+D39/$D$39 -> #DIV/0!
C40: Uses
C41: Pay off existing financing : | E41: =+D41/TotalUnits -> #DIV/0! | F41: =+D41/$D$44 -> #DIV/0!
C42: Renovations : | E42: =+D42/TotalUnits -> #DIV/0! | F42: =+D42/$D$44 -> #DIV/0!
C43: Soft costs for new financing : | E43: =+D43/TotalUnits -> #DIV/0! | F43: =+D43/$D$44 -> #DIV/0!
C44: Total = | D44: =SUM(D41:D43) -> 0 | F44: =+D44/$D$44 -> #DIV/0!
C46: Sources - Uses - should equal zero= | D46: =+D39-D44 -> 0
B47: Project Description | C47: Please provide a detailed description of the proposed project. Please include your plan for existing tenants, including how renovations will be completed in occupied units.
B56: Capacity | C56: Describe your experience developing/managing similar projects.
C65: EVALUATION CRITERIA | E65: Check or Fill In | F65: Points
B66: Feasibility Max. Points 35 | C66: Financial Model
C67: Fill out Financial Model tab
C68: Total asssessed value per county assesor
C69: Total annual property tax bill
C70: Estimated value today | E70: =+'[2]Financial Model'!J3 -> 0
C71: Estimated completed value - 5 years | E71: =+'[2]5year+sale'!Q13 -> #DIV/0!
C72: Change in value as % = | E72: =+(E71-E70)/E70 -> #DIV/0!
B73: Affordability Max. Points 25 | C73: Projected project rents are priced at: (check one) *Rents may not exceed your election of 60% or 80% AMI rents during the life of the loan. ** Income limits generally must match the selected rent limits. Income limits up to 120% AMI may be allowed to address workforce housing and other needs for housing for moderate-income households. (see Rents tab)
C74: At 60% Area Median Income or below (see Rents tab)
C75: OR
C76: At 80% Area Median Income or below (see Rents tab)
B77: Sustaintability Max. Points 25 | C77: % of Renovation Dollars that will be Spent on Energy Savings
C78: Less than 20%
C79: Between 20% and 40%
C80: Greater than 40%
C81: Describe proposed energy saving improvements here:
B87: Borrower and Project Diversity Max. Points 10 | C87: Borrower is a woman, minority, or veteran or woman, minority, or veteran-owned business.
C88: OR
C89: Proposed project is outside of the metropolitan statistical areas of Albuquerque, Las Cruces and Santa Fe
C90: For the purposes of this scoring criteria the following definition applies:
C91: “Women, Minority and Veteran Borrowers and Women, Minority-and Veteran Owned Borrowers” means firms at least 51 percent unconditionally-owned by one or more members of a minority group, or by one or more women or veterans. In the case of publiclyowned companies, at least 51 percent of each class of voting stock must be unconditionally-owned by one or more members of a minority group or by one or more women or veterans. In the case of a partnership, at least 51 percent of the partnership interest must be unconditionally-owned by one or more members of a minority group or by one or more women or veterans. Additionally, for the foregoing cases, the management and daily business operations must be controlled by one or more such individuals. “Minority” means any African American, Native American (i.e., American Indian, Eskimo, Aleut and Native Hawaiian), Hispanic American, Asian-Pacific American, or SubcontinentAsian American. “Metropolitan Statistical Area” is a region that consists of a city and surrounding communities that are linked by social and economic factors, as established by the U.S. Office of Management and Budget.
B96: Project in Eligible Census Tract Maximum Points 10 | C96: Is the Project located in a census tract that meets any of the below criteria? Check all that apply. Contact Ventana Fund for assistance in determining eligibility in under this criterion.
C97: CDFI ERP Eligible Geography
C98: Sever COVID Impact/Low Community Resilience
C99: Low- or Moderate-Income - Less than or equal to 120% AMI
C100: CDFI Investment Area
C101: Majority Minority - Greater than or equal to 50% minority
C102: Persistent Poverty County
B103: Disclosure: This is a multi-step process to expand the pool of affordable housing in NM. Final commitment is subject to review by a credit committee, board approval and possible additional conditions.
B104: Application Updated 12-2022

Sheet Financial Model
C2: Financial Summary | F2: Measure of Investment Performance | K2: Notes
C3: For: | D3: =+Application!D7 -> 0 | F3: GRM = | H3: =+J3/H29 -> #DIV/0! | I3: Price: | J3: =+Application!D20 -> 0
C4: By: | D4: =+Application!D14 -> 0 | F4: Cap Rate = | H4: =+H60/J3 -> #DIV/0!
C5: Date: | D5: =+Application!E4 -> 0 | F5: Cash on Cash = | H5: =+H63/(J3-'5year+sale'!E41) -> #DIV/0! | I5: Walk | J5: =+Application!E72 -> #DIV/0!
F6: Before Tax IRR= | H6: =+'5year+sale'!S38 -> #VALUE! | I6: Bike | J6: =+Application!E73 -> 0
B7: Rent Roll | F7: After Tax IRR= | H7: =+'5year+sale'!S47 -> #VALUE! | I7: Transit | J7: =+Application!E74 -> 0
B9: # | C9: Type | D9: Style | F9: Approx. Size | H9: Current Avg. Rent | I9: Target Rent | J9: 80% of AMI | K9: Total SF | O9: =CONCATENATE("Annual ",H9) -> Annual Current Avg. Rent | P9: =CONCATENATE("Annual ",I9) -> Annual Target Rent | Q9: =CONCATENATE("Annual ",J9) -> Annual 80% of AMI
B10: 0 | G10: sf | K10: =+$B10*F10 -> 0 | L10: sf | O10: =+$B10*H10*12 -> 0 | P10: =+$B10*I10*12 -> 0 | Q10: =+$B10*J10*12 -> 0
B11: 0 | G11: sf | K11: =+$B11*F11 -> 0 | L11: sf | O11: =+$B11*H11*12 -> 0 | P11: =+$B11*I11*12 -> 0 | Q11: =+$B11*J11*12 -> 0
B12: 0 | G12: sf | K12: =+$B12*F12 -> 0 | L12: sf | O12: =+$B12*H12*12 -> 0 | P12: =+$B12*I12*12 -> 0 | Q12: =+$B12*J12*12 -> 0
B13: 0 | G13: sf | K13: =+$B13*F13 -> 0 | L13: sf | O13: =+$B13*H13*12 -> 0 | P13: =+$B13*I13*12 -> 0 | Q13: =+$B13*J13*12 -> 0
B14: 0 | G14: sf | K14: =+$B14*F14 -> 0 | L14: sf | O14: =+$B14*H14*12 -> 0 | P14: =+$B14*I14*12 -> 0 | Q14: =+$B14*J14*12 -> 0
B15: 0 | G15: sf | K15: =+$B15*F15 -> 0 | L15: sf | O15: =+$B15*H15*12 -> 0 | P15: =+$B15*I15*12 -> 0 | Q15: =+$B15*J15*12 -> 0
B16: 0 | G16: sf | K16: =+$B16*F16 -> 0 | L16: sf | O16: =+$B16*H16*12 -> 0 | P16: =+$B16*I16*12 -> 0 | Q16: =+$B16*J16*12 -> 0
B17: 0 | G17: sf | K17: =+$B17*F17*12 -> 0 | L17: sf | O17: =+$B17*H17*12 -> 0 | P17: =+$B17*I17*12 -> 0 | Q17: =+$B17*J17*12 -> 0
B18: 0 | G18: sf | K18: =+$B18*F18*12 -> 0 | L18: sf | O18: =+$B18*H18*12 -> 0 | P18: =+$B18*I18*12 -> 0 | Q18: =+$B18*J18*12 -> 0
B19: 0 | G19: sf | K19: =+$B19*F19*12 -> 0 | L19: sf | O19: =+$B19*H19*12 -> 0 | P19: =+$B19*I19*12 -> 0 | Q19: =+$B19*J19*12 -> 0
B21: =SUM(B10:B19) -> 0 | D21: =CONCATENATE(COUNTA(D10:D19)," floorplans / avg. rent/sf=") -> 0 floorplans / avg. rent/sf= | H21: =+O21/totalsf/TotalUnits -> #DIV/0! | I21: =+P21/totalsf/TotalUnits -> #DIV/0! | J21: =+Q21/totalsf/TotalUnits -> #DIV/0! | K21: =SUM(K10:K19) -> 0 | L21: sf | O21: =SUM(O10:O19) -> 0 | P21: =SUM(P10:P19) -> 0 | Q21: =SUM(Q10:Q19) -> 0
B23: Income (Annual)
B24: A. | C24: Total Annual Market Rent = | J24: =+Q21 -> 0 | K24: % difference
B25: B. | C25: Total Street Rent Total = | I25: =+P21 -> 0 | J25: =+(J24-I25)/J24 -> #DIV/0! | K25: Less loss to market lease (A-B)
B26: C. | C26: Total Current Rental Income = | H26: =+O21 -> 0 | J26: =+(I25-H26)/I25 -> #DIV/0! | K26: Less loss to lease (B-C)
B27: D. | C27: Effective Rental Income = | H27: =+H26-(H26*J27) -> 0 | J27: 0.05 | K27: Less loss to Vacancy
B28: E. | C28: Plus Other Income = | J28: =+H28/H27 -> #DIV/0! | K28: Late Fees
B29: F. | C29: Gross Operating Income = | H29: =+H28+H27 -> 0
B31: Expenses (Annual) | G31: % | H31: Amount | I31: $ unit | J31: Source | K31: Year: 2022
B32: 1 | C32: Real Estate Taxes | G32: =+IF(H32>0.01,H32/$H$29,"") | I32: =+IF(H32>0.01,H32/TotalUnits,"")
B33: 2 | C33: Personal Property Taxes | G33: =+IF(H33>0.01,H33/$H$29,"") | I33: =+IF(H33>0.01,H33/TotalUnits,"")
B34: 3 | C34: Property Insurance | G34: =+IF(H34>0.01,H34/$H$29,"") | I34: =+IF(H34>0.01,H34/TotalUnits,"")
B35: 4 | C35: Property Management - offsite | G35: =+IF(H35>0.01,H35/$H$29,"") | I35: =+IF(H35>0.01,H35/TotalUnits,"")
B36: 5 | C36: Property Management - onsite staff | G36: =+IF(H36>0.01,H36/$H$29,"") | I36: =+IF(H36>0.01,H36/TotalUnits,"")
B37: 6 | C37: Property Management - workcomp/tax | G37: =+IF(H37>0.01,H37/$H$29,"") | I37: =+IF(H37>0.01,H37/TotalUnits,"")
B38: 7 | C38: Property Management - Exp/Benefits | G38: =+IF(H38>0.01,H38/$H$29,"") | I38: =+IF(H38>0.01,H38/TotalUnits,"")
B39: 8 | C39: Repairs and Maintenance | G39: =+IF(H39>0.01,H39/$H$29,"") | I39: =+IF(H39>0.01,H39/TotalUnits,"")
B40: 9 | C40: Utils - Water, Sewer, & Garbage | G40: =+IF(H40>0.01,H40/$H$29,"") | I40: =+IF(H40>0.01,H40/TotalUnits,"")
B41: 10 | C41: Utils - Gas | G41: =+IF(H41>0.01,H41/$H$29,"") | I41: =+IF(H41>0.01,H41/TotalUnits,"")
B42: 11 | C42: Utils - Electric | G42: =+IF(H42>0.01,H42/$H$29,"") | I42: =+IF(H42>0.01,H42/TotalUnits,"")
B43: 12 | C43: Utils - Cable | G43: =+IF(H43>0.01,H43/$H$29,"") | I43: =+IF(H43>0.01,H43/TotalUnits,"")
... B56: 25 | C56: Contract Svcs-Other | G56: =+IF(H56>0.01,H56/$H$29,"") | I56: =+IF(H56>0.01,H56/TotalUnits,"")
B57: 26 | C57: Reserve for replacement/Cap-X | G57: =+IF(H57>0.01,H57/$H$29,"") | H57: =225*TotalUnits -> 0 | I57: =+IF(H57>0.01,H57/TotalUnits,"")
B58: 27 | C58: Total Operating Expenses | G58: =+IF(H58>0.01,H58/$H$29,"") | H58: =SUM(H32:H57) -> 0 | I58: =+H58/TotalUnits -> #DIV/0!
B60: 28 | C60: Net Operating Income = | G60: =+IF(H60>0.01,H60/$H$29,"") | H60: =+H29-H58 -> 0 | I60: =+H60/TotalUnits -> #DIV/0! | K60: (F-20)
C61: Loan Info = | F61: LTV | G61: Rate | H61: Pmt (ADS) | I61: Loan | J61: Term
B62: 29 | C62: Less Annual Debt Service | F62: 0.75 | G62: 0.045 | H62: =-PMT(G62/12,12*J62,I62,0)*12 -> 0 | I62: =+F62*J3 -> 0 | J62: 30 | K62: yrs
B63: 30 | C63: Cash Flow Before Taxes = | H63: =+H60-H62 -> 0 | I63: Financing quote by:
B65: © 2011-2022 - Todd Clarke CCIM - Cantera Consultants & Advisor Inc.

Sheet 5year+sale
B3: Cash flow worksheet | G3: Year | I3: Targe Rents kick in | L3: Calculated for 1st year of next owners, ownership | N3: Sales Worksheet
G4: 1 | H4: 2 | I4: 3 | J4: 4 | K4: 5 | L4: 6
B5: A | C5: =+'Financial Model'!C24 -> Total Annual Market Rent = | D5: 0.03 | E5: Increases | G5: =+'Financial Model'!J24 -> 0 | H5: =+(1+$D5)*G5 -> 0 | I5: =+(1+$D5)*H5 -> 0 | J5: =+(1+$D5)*I5 -> 0 | K5: =+(1+$D5)*J5 -> 0 | L5: =+(1+$D5)*K5 -> 0 | N5: Calculation of Adjusted Basis
C6: Less: loss to market lease | D6: =+G6/G5 -> #DIV/0! | G6: =+G5-G7 -> 0 | H6: =+$D6*H5 -> #DIV/0! | I6: =+$D6*I5 -> #DIV/0! | J6: =+$D6*J5 -> #DIV/0! | K6: =+$D6*K5 -> #DIV/0! | L6: =+$D6*L5 -> #DIV/0! | N6: 1 | O6: Basis at Acquisition | Q6: =+E39 -> 0
B7: B | C7: =+'Financial Model'!C25 -> Total Street Rent Total = | G7: =+'Financial Model'!P21 -> 0 | H7: =+H5-H6 -> #DIV/0! | I7: =+I5-I6 -> #DIV/0! | J7: =+J5-J6 -> #DIV/0! | K7: =+K5-K6 -> #DIV/0! | L7: =+L5-L6 -> #DIV/0! | N7: 2 | O7: + Capital Additions | Q7: 0
C8: Less: Loss to lease | D8: =+G8/G7 -> #DIV/0! | G8: =+G7-G9 -> 0 | H8: =+$D8*H7 -> #DIV/0! | I8: 0 | J8: 0 | K8: 0 | L8: 0 | N8: 3 | O8: -Cost Recovery (Depreciation) Taken | Q8: =+SUM(G22:K22) -> 0
B9: C | C9: =+'Financial Model'!C26 -> Total Current Rental Income = | G9: =+'Financial Model'!O21 -> 0 | H9: =+H7-H8 -> #DIV/0! | I9: =+I7-I8 -> #DIV/0! | J9: =+J7-J8 -> #DIV/0! | K9: =+K7-K8 -> #DIV/0! | L9: =+L7-L8 -> #DIV/0! | N9: 4 | O9: =Adjusted Basis at Sale | Q9: =+Q6+Q7-Q8 -> 0
C10: Less: vacancy | D10: 0.056 | G10: =+D10*G9 -> 0 | H10: =+$D10*H9 -> #DIV/0! | I10: =+$D10*I9 -> #DIV/0! | J10: =+$D10*J9 -> #DIV/0! | K10: =+$D10*K9 -> #DIV/0! | L10: =+$D10*L9 -> #DIV/0!
B11: D | C11: Effective Rental Income | G11: =+G9-G10 -> 0 | H11: =+H9-H10 -> #DIV/0! | I11: =+I9-I10 -> #DIV/0! | J11: =+J9-J10 -> #DIV/0! | K11: =+K9-K10 -> #DIV/0! | L11: =+L9-L10 -> #DIV/0! | N11: Calculation of Capital Gain
B12: E | C12: Plus: Other Income | D12: 0.02 | E12: Increases | G12: =+D12*G11 -> 0 | H12: =+(1+$D12)*G12 -> 0 | I12: =+(1+$D12)*H12 -> 0 | J12: =+(1+$D12)*I12 -> 0 | K12: =+(1+$D12)*J12 -> 0 | L12: =+(1+$D12)*K12 -> 0 | O12: Disposition CAP Rate | P12: =+'Financial Model'!H4 -> #DIV/0! | Q12: Same as Going in
B13: F | C13: Gross Operating Income | G13: =+'Financial Model'!H29 -> 0 | H13: =+H11+H12 -> #DIV/0! | I13: =+I11+I12 -> #DIV/0! | J13: =+J11+J12 -> #DIV/0! | K13: =+K11+K12 -> #DIV/0! | L13: =+L11+L12 -> #DIV/0! | N13: 5 | O13: Sale Price | Q13: =+L16/P12 -> #DIV/0!
N14: 6 | O14: -Costs of Sale | P14: 0.08 | Q14: =+P14*Q13 -> #DIV/0!
B15: 27 | C15: Total Operating Expenses | D15: 0.015 | E15: Increases | G15: =+'Financial Model'!H58 -> 0 | H15: =+(1+$D15)*G15 -> 0 | I15: =+(1+$D15)*H15 -> 0 | J15: =+(1+$D15)*I15 -> 0 | K15: =+(1+$D15)*J15 -> 0 | L15: =+(1+$D15)*K15 -> 0 | N15: 7 | O15: -Adjusted Basis at Sale | Q15: =+Q9 -> 0
B16: 28 | C16: Net Operating Income | G16: =+G13-G15 -> 0 | H16: =+H13-H15 -> #DIV/0! | I16: =+I13-I15 -> #DIV/0! | J16: =+J13-J15 -> #DIV/0! | K16: =+K13-K15 -> #DIV/0! | L16: =+L13-L15 -> #DIV/0! | N16: 8 | O16: =Gain or (Loss) | Q16: =+Q13-Q14-Q15 -> #DIV/0!
N17: 9 | O17: -Straight Line Cost Recovery (limited to gain) | Q17: =+Q8 -> 0
C18: Mortgage Balance | G18: =-FV($E$42/12,12*G4,-$I$42,$E$41,0) -> 0 | H18: =-FV($E$42/12,12*H4,-$I$42,$E$41,0) -> 0 | I18: =-FV($E$42/12,12*I4,-$I$42,$E$41,0) -> 0 | J18: =-FV($E$42/12,12*J4,-$I$42,$E$41,0) -> 0 | K18: =-FV($E$42/12,12*K4,-$I$42,$E$41,0) -> 0 | N18: 10 | O18: =Capital Gain from Appreciation | Q18: =+Q16-Q17 -> #DIV/0!
B19: 29 | C19: ADS | G19: =+I43 -> 0 | H19: =+G19 -> 0 | I19: =+H19 -> 0 | J19: =+I19 -> 0 | K19: =+J19 -> 0
B20: - | C20: Principal Reduction | G20: =+E41-'5year+sale'!G18 -> 0 | H20: =+G18-H18 -> 0 | I20: =+H18-I18 -> 0 | J20: =+I18-J18 -> 0 | K20: =+J18-K18 -> 0 | N20: Calculation of Sales Proceeds after tax
B21: = | C21: Mortgage interest | G21: =+G19-G20 -> 0 | H21: =+H19-H20 -> 0 | I21: =+I19-I20 -> 0 | J21: =+J19-J20 -> 0 | K21: =+K19-K20 -> 0 | N21: 11 | O21: Sale Price | Q21: =+Q13 -> #DIV/0!
B22: - | C22: cost recovery (annual) | D22: 27.5 | E22: yrs @ | F22: 0.8 | G22: =+price*$F$22/$D$22 -> 0 | H22: =+price*$F$22/$D$22 -> 0 | I22: =+price*$F$22/$D$22 -> 0 | J22: =+price*$F$22/$D$22 -> 0 | K22: =+price*$F$22/$D$22 -> 0 | L22: excludes mid month | N22: 12 | O22: -Cost of Sale | Q22: =+Q14 -> #DIV/0!
B23: = | C23: Taxable Income | G23: =+G16-G21-G22 -> 0 | H23: =+H16-H21-H22 -> #DIV/0! | I23: =+I16-I21-I22 -> #DIV/0! | J23: =+J16-J21-J22 -> #DIV/0! | K23: =+K16-K21-K22 -> #DIV/0! | N23: 13 | O23: -Mortgage Balance(s) | Q23: =+K18 -> 0
C24: Tax on income at ordinary income rate of | F24: 0.35 | G24: =IF(G23>0.01,$F$24*G23,0) -> 0 | H24: =IF(H23>0.01,$F$24*H23,0) -> #DIV/0! | I24: =IF(I23>0.01,$F$24*I23,0) -> #DIV/0! | J24: =IF(J23>0.01,$F$24*J23,0) -> #DIV/0! | K24: =IF(K23>0.01,$F$24*K23,0) -> #DIV/0! | N24: 14 | O24: =Sale Proceeds Before Tax | Q24: =+Q21-Q22-Q23 -> #DIV/0!
N25: 16 | O25: -Tax: Straight Line Recapture at | P25: 0.25 | Q25: =+P25*Q17 -> 0
C26: NOI | G26: =+G16 -> 0 | H26: =+H16 -> #DIV/0! | I26: =+I16 -> #DIV/0! | J26: =+J16 -> #DIV/0! | K26: =+K16 -> #DIV/0! | N26: 17 | O26: -Tax on Capital Gains at | P26: 0.2 | Q26: =+P26*Q18 -> #DIV/0!
B27: - | C27: Annual Debt Service | G27: =+G19 -> 0 | H27: =+H19 -> 0 | I27: =+I19 -> 0 | J27: =+J19 -> 0 | K27: =+K19 -> 0 | N27: 18 | O27: =SALE PROCEEDS AFTER TAX: | Q27: =+Q24-Q25-Q26 -> #DIV/0!
B28: = | C28: Cash Flow Before Tax | G28: =+G26-G27 -> 0 | H28: =+H26-H27 -> #DIV/0! | I28: =+I26-I27 -> #DIV/0! | J28: =+J26-J27 -> #DIV/0! | K28: =+K26-K27 -> #DIV/0! | U28: IRR
B29: - | C29: Less Ordinary Income Tax | G29: =+G24 -> 0 | H29: =+H24 -> #DIV/0! | I29: =+I24 -> #DIV/0! | J29: =+J24 -> #DIV/0! | K29: =+K24 -> #DIV/0! | P29: IRR Before tax = | S29: =IRR(U31:U36) -> #VALUE! | U29: true t-bars
B30: = | C30: Cash Flow After Tax | G30: =+G28-G29 -> 0 | H30: =+H28-H29 -> #DIV/0! | I30: =+I28-I29 -> #DIV/0! | J30: =+J28-J29 -> #DIV/0! | K30: =+K28-K29 -> #DIV/0! | O30: No Financing, no tax | P30: n | Q30: $
P31: 0 | Q31: =-price -> 0 | U31: =+Q31 -> 0
P32: 1 | Q32: =+G16 -> 0 | U32: =+Q32 -> 0
P33: 2 | Q33: =+H16 -> #DIV/0! | U33: =+Q33 -> #DIV/0!
P34: 3 | Q34: =+I16 -> #DIV/0! | U34: =+Q34 -> #DIV/0!
P35: 4 | Q35: =+J16 -> #DIV/0! | U35: =+Q35 -> #DIV/0!
P36: 5 | Q36: =+K16 -> #DIV/0! | R36: + | S36: =+Q24+Q23 -> #DIV/0! | U36: =+Q36+S36 -> #DIV/0!
C38: Inputs | O38: With financing, no tax | P38: IRR Before tax = | S38: =IRR(U40:U45) -> #VALUE! | U38: true t-bars
C39: Purchase Price | E39: =+'Financial Model'!J3 -> 0 | P39: n | Q39: $
C40: LTV | E40: =+'Financial Model'!F62 -> 0.75 | P40: 0 | Q40: =-(price*(1-E40)) -> 0 | U40: =+Q40 -> 0
C41: Initial Loan Balance | E41: =+price*E40 -> 0 | P41: 1 | Q41: =+G28 -> 0 | U41: =+Q41 -> 0
C42: Interest Rate | E42: =+'Financial Model'!G62 -> 0.045 | F42: rate | H42: Payment | I42: =-PMT(E42/12,12*E43,price*E40,0) -> 0 | P42: 2 | Q42: =+H28 -> #DIV/0! | U42: =+Q42 -> #DIV/0!
C43: Amortz | E43: =+'Financial Model'!J62 -> 30 | F43: years | H43: ADS | I43: =+I42*12 -> 0 | P43: 3 | Q43: =+I28 -> #DIV/0! | U43: =+Q43 -> #DIV/0!
P44: 4 | Q44: =+J28 -> #DIV/0! | U44: =+Q44 -> #DIV/0!
P45: 5 | Q45: =+K28 -> #DIV/0! | R45: + | S45: =+Q24 -> #DIV/0! | U45: =+Q45+S45 -> #DIV/0!
O47: With financing, with tax | P47: IRR After tax = | S47: =IRR(U49:U55) -> #VALUE!
P48: n | Q48: $
C49: MIP (Measures of Investment Performance) | P49: 0 | Q49: =+Q40 -> 0 | U49: =+Q49 -> 0
C50: GRM = | E50: =+price/G13 -> #DIV/0! | F50: Purchase Price / GOI
C51: Going in CAP Rate | E51: =+G16/price -> #DIV/0! | F51: 1st year NOI / Purchase Price | P51: 1 | Q51: =+G30 -> 0 | U51: =+Q51 -> 0
C52: Going in Cash on Cash | E52: =+G28/-Q40 -> #DIV/0! | F52: 1st year CFBT / Down Payment | P52: 2 | Q52: =+H30 -> #DIV/0! | U52: =+Q52 -> #DIV/0!
P53: 3 | Q53: =+I30 -> #DIV/0! | U53: =+Q53 -> #DIV/0!
P54: 4 | Q54: =+J30 -> #DIV/0! | U54: =+Q54 -> #DIV/0!
P55: 5 | Q55: =+K30 -> #DIV/0! | R55: + | S55: =+Q27 -> #DIV/0! | U55: =+Q55+S55 -> #DIV/0!
C57: © 2011-2017 - Todd Clarke CCIM - Cantera Consultants & Advisor Inc. | O57: Investor's Effective Tax Rate = | S57: =+(S38-S47)/S38 -> #VALUE!
D83: =IRR(D76:D81,0.1) -> #NUM!

Sheet Rents & Income Limits
A1: Ventana Fund Rent Limits and Income Limits Effective May 2023 - May 2024 If you have any questions about how these limits were calculated, or how they apply to your community, please contact: Ventana Fund (505) 377-2053 aromero@ventanafund.org
C2: 2023 Ventana Fund Rent Limits | D2: AMI | E2: 60% AMI Rent Limits | K2: 80% AMI Rent Limits
E3: Studio | F3: 1BR | G3: 2BR | H3: 3BR | I3: 4BR | K3: Studio | L3: 1BR | M3: 2BR | N3: 3BR | O3: 4BR
C4: Albuquerque MSA | D4: 86500 | E4: 840 | F4: 900 | G4: 1080 | H4: 1246 | I4: 1390 | K4: 1120 | L4: 1200 | M4: 1440 | N4: 1662 | O4: 1854
C5: Farmington MSA | D5: 61100 | E5: 705 | F5: 755 | G5: 906 | H5: 1047 | I5: 1168 | K5: 940 | L5: 1007 | M5: 1208 | N5: 1396 | O5: 1558
C6: Santa Fe MSA | D6: 95600 | E6: 897 | F6: 960 | G6: 1152 | H6: 1331 | I6: 1485 | K6: 1196 | L6: 1281 | M6: 1536 | N6: 1775 | O6: 1980
C7: Las Cruces MSA | D7: 59600 | E7: 679 | F7: 727 | G7: 873 | H7: 1008 | I7: 1125 | K7: 906 | L7: 970 | M7: 1164 | N7: 1344 | O7: 1500
C8: DeBaca County (Fort Sumner) | D8: 74900 | E8: 717 | F8: 768 | G8: 921 | H8: 1064 | I8: 1188 | K8: 956 | L8: 1024 | M8: 1228 | N8: 1419 | O8: 1584
C9: Eddy County (Carlsbad) | D9: 82800 | E9: 907 | F9: 972 | G9: 1165 | H9: 1347 | I9: 1503 | K9: 1210 | L9: 1296 | M9: 1554 | N9: 1796 | O9: 2004
C10: Grant County (Silver City) | D10: 66700 | E10: 685 | F10: 734 | G10: 880 | H10: 1017 | I10: 1135 | K10: 914 | L10: 979 | M10: 1174 | N10: 1357 | O10: 1514
C11: Lea County (Hobbs) For Properties Placed in Service on or after 5/15/23 | D11: 65200 | E11: 705 | F11: 755 | G11: 906 | H11: 1047 | I11: 1168 | K11: 940 | L11: 1007 | M11: 1208 | N11: 1396 | O11: 1558
C12: Lea County (Hobbs) For Properties Placed in Service on or before 5/14/23 | D12: 65200 | E12: 724 | F12: 776 | G12: 931 | H12: 1075 | I12: 1200 | K12: 966 | L12: 1035 | M12: 1242 | N12: 1434 | O12: 1600
C13: Lincoln County (Ruidoso) | D13: 68100 | E13: 715 | F13: 766 | G13: 919 | H13: 1062 | I13: 1185 | K13: 954 | L13: 1022 | M13: 1226 | N13: 1417 | O13: 1580
C14: Los Alamos County (Los Alamos) | D14: 168500 | E14: 1590 | F14: 1703 | G14: 2043 | H14: 2361 | I14: 2634 | K14: 2120 | L14: 2271 | M14: 2724 | N14: 3148 | O14: 3512
C15: Roosevelt County (Portales) | D15: 69000 | E15: 688 | F15: 737 | G15: 885 | H15: 1022 | I15: 1140 | K15: 918 | L15: 983 | M15: 1180 | N15: 1363 | O15: 1520
... C18: National, Non‐Metro Limits | D18: 76800 | E18: 807 | F18: 864 | G18: 1036 | H18: 1197 | I18: 1336 | K18: 1076 | L18: 1152 | M18: 1382 | N18: 1597 | O18: 1782
C19: * Maximum gross rents are to be reduced by tenant paid utilities.
C21: 2023 Ventana Fund Income Limits | D21: AMI | E21: 60% AMI Income Limits by Household Size | K21: 80% AMI Income Limits by Household Size
E22: 1 | F22: 2 | G22: 3 | H22: 4 | I22: 5 | K22: 1 | L22: 2 | M22: 3 | N22: 4 | O22: 5
C23: Albuquerque MSA | D23: 86500 | E23: 33600 | F23: 38400 | G23: 43200 | H23: 47940 | I23: 51780 | K23: 44800 | L23: 51200 | M23: 57600 | N23: 63920 | O23: 69040
C24: Farmington MSA | D24: 61100 | E24: 28200 | F24: 3220 | G24: 36240 | H24: 40260 | I24: 43500 | K24: 37600 | L24: 42960 | M24: 4820 | N24: 53680 | O24: 58000
C25: Santa Fe MSA | D25: 95600 | E25: 35880 | F25: 40980 | G25: 46080 | H25: 51180 | I25: 55320 | K25: 47840 | L25: 54640 | M25: 61440 | N25: 68240 | O25: 73760
C26: Las Cruces MSA | D26: 59600 | E26: 27180 | F26: 31020 | G26: 34920 | H26: 38760 | I26: 41880 | K26: 36240 | L26: 41360 | M26: 46560 | N26: 51680 | O26: 55840
C27: DeBaca County (Fort Sumner) | D27: 74900 | E27: 28680 | F27: 32760 | G27: 36840 | H27: 40920 | I27: 44220 | K27: 38240 | L27: 43680 | M27: 49120 | N27: 54560 | O27: 58960
C28: Eddy County (Carlsbad) | D28: 92000 | E28: 36300 | F28: 41460 | G28: 46620 | H28: 51780 | I28: 55980 | K28: 48400 | L28: 55280 | M28: 62160 | N28: 69040 | O28: 74640
C29: Grant County (Silver City) | D29: 66700 | E29: 27420 | F29: 31320 | G29: 35220 | H29: 39120 | I29: 42300 | K29: 36560 | L29: 41760 | M29: 46960 | N29: 52160 | O29: 56400
C30: Lea County (Hobbs) For Properties Placed in Service on or after 5/15/23 | D30: 65200 | E30: 28200 | F30: 32220 | G30: 36240 | H30: 40260 | I30: 43500 | K30: 37600 | L30: 42960 | M30: 48320 | N30: 53680 | O30: 58000
C31: Lea County (Hobbs) For Properties Placed in Service on or before 5/14/23 | D31: 65200 | E31: 28980 | F31: 33120 | G31: 37260 | H31: 41340 | I31: 44700 | K31: 38640 | L31: 44160 | M31: 49680 | N31: 55120 | O31: 59600
C32: Lincoln County (Ruidoso) | D32: 68100 | E32: 28620 | F32: 32700 | G32: 36780 | H32: 40860 | I32: 44160 | K32: 38160 | L32: 43600 | M32: 49040 | N32: 54480 | O32: 58880
C33: Los Alamos County (Los Alamos) | D33: 168500 | E33: 63600 | F33: 72660 | G33: 81720 | H33: 90780 | I33: 98100 | K33: 84800 | L33: 96880 | M33: 108960 | N33: 121040 | O33: 130800
C34: Roosevelt County (Portales) | D34: 69000 | E34: 27540 | F34: 31440 | G34: 35400 | H34: 39300 | I34: 42480 | K34: 36720 | L34: 41920 | M34: 47200 | N34: 52400 | O34: 56640
... C37: National, Non‐Metro Limits | D37: 76800 | E37: 32280 | F37: 36840 | G37: 41460 | H37: 46080 | I37: 49740 | K37: 43040 | L37: 49120 | M37: 55280 | N37: 61440 | O37: 66320
C39: * Income limits up to 120% AMI may be allowed to address workforce housing and other housing needs for moderate-income households.
